 Dungeon Crawl Stone Soup version 0.31-a0-795-g5eb97db20b (webtiles) character file.

Game seed: 1155473648862742488

299 Maratek the Slasher (level 6, -2/43 HPs)
             Began as an Octopode Fighter on Sept 18, 2023.
             Slain by Grinder (8 damage)
             ... on level 4 of the Dungeon.
             The game lasted 00:06:29 (3611 turns).

Maratek the Slasher (Octopode Fighter)              Turns: 3611, Time: 00:06:30

Health: -2/43      AC:  1    Str: 17    XL:     6   Next: 36%
Magic:  6/6        EV: 13    Int: 11    God:
Gold:   77         SH:  4    Dex: 11    Spells: 5/5 levels left

rFire   . . .        a - +0 long sword
rCold   . . .        b - +0 buckler
rNeg    . . .        (helmet restricted)
rPois   .            (no amulet)
rElec   .            (no ring)
rCorr   .            (no ring)
SInv    .            (no ring)
Will    .....        (no ring)
Stlth   +++          (no ring)
HPRegen 0.27/turn    (no ring)
MPRegen 0.10/turn    (no ring)
                     (no ring)

%: no passive effects
@: studying Stealth
A: almost no armour, amphibious, 8 rings, camouflage 1, gelatinous body 1,
(nimble swimmer 1), tentacles
a: no special abilities


You were on level 4 of the Dungeon.
You visited 1 branch of the dungeon, and saw 4 of its levels.

You collected 173 gold pieces.
You spent 96 gold pieces at shops.

Inventory:

Hand Weapons
 a - a +0 long sword (weapon)
Missiles
 n - a throwing net
Armour
 b - a +0 buckler (worn)
Wands
 l - a wand of roots (5)
Scrolls
 d - 2 scrolls of revelation {unknown}
 e - a scroll of torment {unknown}
 g - 8 scrolls of identify
 h - a scroll of enchant armour {unknown}
 k - a scroll of noise {unknown}
Potions
 c - a potion of might
 f - 2 potions of lignification {unknown}
 i - a potion of curing {unknown}
 j - a potion of haste {unknown}
 m - a potion of enlightenment {unknown}
 o - a potion of heal wounds {unknown}


   Skills:
 + Level 3.9 Fighting
 + Level 4.0 Long Blades
 + Level 3.9 Dodging
 + Level 3.6 Stealth
 + Level 3.7 Shields


You had 5 spell levels left.
You didn't know any spells.
Your spell library contained the following spells:

 Spells                   Type           Power      Damage    Failure   Level
 Sublimation of Blood     Necr           0%         N/A       56%         2
 Call Canine Familiar     Summ           0%         N/A       80%         3
 Sigil of Binding         Hex            0%         N/A       80%         3
 Anguish                  Hex/Necr       0%         N/A       99%         4
 Cause Fear               Hex            0%         N/A       99%         4
 Dimensional Bullseye     Hex/Tloc       0%         N/A       99%         4
 Leda's Liquefaction      Hex/Erth       0%         N/A       99%         4
 Petrify                  Tmut/Erth      0%         N/A       99%         4
 Irradiate                Conj/Tmut      0%         3d11      100%        5
 Enfeeble                 Hex            0%         N/A       100%        7


Dungeon Overview and Level Annotations

Branches:
Dungeon (4/15)
 Temple: D:4-7

Altars:

Shops:
D:4 ?![:

Annotations:
D:4 Grinder


Innate Abilities, Weirdness & Mutations

You cannot wear most types of armour.
You are amphibious.
You can wear up to eight rings at the same time.
Your skin changes colour to match your surroundings (Stealth+).
Your rubbery body absorbs attacks. (AC +1, EV +1)
((You are camouflaged when in or above water. (Stealth+)))
You have tentacles for arms and can constrict up to eight enemies at once.


Message History

You kill the ball python!
No target in view!
No target in view!
No target in view!
No target in view!
You see here a ball python corpse.
You now have 77 gold pieces (gained 11).
Grinder comes into view.
Found a leather armour.
Grinder is nearby!
Grinder is nearby!
Grinder is nearby!
Grinder shouts!
Grinder barely misses you.
You hit Grinder but do no damage. Your grab misses Grinder.
Grinder gestures at you.
You suddenly lose the ability to move!
Grinder gestures at you. Pain shoots through your body! Grinder hits you.
You writhe in agony.
Grinder hits you.
You writhe in agony.
Grinder gestures at you. Pain shoots through your body!
* * * LOW HITPOINT WARNING * * *
You can move again.
You are too injured to fight recklessly!
You are too injured to fight recklessly!
You are too injured to fight recklessly!
You are too injured to fight recklessly!
You are too injured to fight recklessly!
You are too injured to fight recklessly!
Aiming: Fastroot
Press: ? - help, Shift-Dir - straight line, f - Grinder
Aim: Grinder
Okay, then.
You hit Grinder. Your grab misses Grinder.
Grinder is lightly wounded.
Grinder hits you!
You die...
Grinder says, "Now the real fun starts!"

#...# #.#.# ##########
##.#.# .........#
...#.# .........#
...#.# .........#
...#.# .........#
...#.# .........#
##.#.# ......5..#
....># ..[....@.#
...#.# .........#
####.#
.........##############
#.#
......................#
#.#
..######.###########.##
#.# # #.#...........#
#.# #.#.#######.#.#
####.# #.#...# #.#.#
..##.# #.#.#.#####.#.#


You could see Grinder.

Vanquished Creatures
  An ogre (D:4)
  An orc priest (D:4)
  An iguana (D:4)
  Terence (D:2)
  5 adders
  A worm (D:3)
  4 dart slugs
  3 orcs
  4 endoplasms
  4 giant cockroaches
  6 goblins
  6 hobgoblins
  7 jackals
  8 kobolds
  3 quokkas
  7 ball pythons
  7 bats
  6 frilled lizards
  8 rats
83 creatures vanquished.

Notes
Turn   | Place    | Note
-------+----------+-------------------------------------------
     0 | D:1      | Maratek the Octopode Fighter began the quest for the Orb.
     0 | D:1      | Reached XP level 1. HP: 16/16 MP: 1/1
   208 | D:1      | Reached XP level 2. HP: 5/21 MP: 2/2
   788 | D:1      | Reached XP level 3. HP: 26/26 MP: 3/3
  1678 | D:2      | Noticed Terence
  1685 | D:2      | Killed Terence
  1686 | D:2      | Reached skill level 1 in Stealth
  1686 | D:2      | Reached XP level 4. HP: 15/31 MP: 4/4
  2504 | D:3      | Reached skill level 3 in Long Blades
  2543 | D:3      | Reached XP level 5. HP: 36/36 MP: 5/5
  3114 | D:4      | Found Zasmanuo's Magic Scroll Shoppe.
  3119 | D:4      | Found Sawutal's Distillery.
  3123 | D:4      | Bought a scroll of identify for 24 gold pieces
  3123 | D:4      | Bought a scroll of identify for 24 gold pieces
  3123 | D:4      | Bought a scroll of identify for 24 gold pieces
  3123 | D:4      | Bought a scroll of identify for 24 gold pieces
  3198 | D:4      | Noticed an ogre
  3205 | D:4      | Killed an ogre
  3227 | D:4      | Reached XP level 6. HP: 40/43 MP: 6/6
  3355 | D:4      | Found Onok's Book Shop.
  3367 | D:4      | Found Metamy's Armour Shoppe.
  3391 | D:4      | Reached skill level 4 in Long Blades
  3603 | D:4      | Noticed Grinder
  3607 | D:4      | Paralysed by Grinder for 4 turns
  3611 | D:4      | Slain by Grinder

Illustrated notes

Levels and vault maps discovered:
D:1:      dpeg_arrival_oval, layout_basic,
          nicolae_concentric_dashed_squares_wild, minmay_distorted
D:2:      layout_basic, kennysheep_generic_room_10, uniq_terence
D:3:      layout_loops_ring
D:4:      minmay_evil_eye, layout_basic, serial_shops, shop,
          nicolae_shop_getting_attention, kennysheep_little_box, shop, shop,
          uniq_grinder

Skill      XL: |  1  2  3  4  5  6 |
---------------+-------------------+-----
Stealth        | 1 3 |  3.6
Long Blades    | 3 4 |  4.0
Fighting       | |  3.9
Dodging        | |  3.9
Shields        | |  3.7

Action                     |  1- 3 |  4- 6 || total
---------------------------+-------+-------++-------
  Melee: Long sword        |    73 |    84 ||   157
         Constrict         |    23 |    21 ||    44
         Tentacles         |    12 |    10 ||    22
   Stab: Sleeping          |     5 |    12 ||    17
 Armour: Skin              |    42 |    29 ||    71
  Dodge: Dodged            |    54 |    43 ||    97
  Block: Buckler           |    20 |    16 ||    36

Table legend: (Time is in decaauts)
 A = Elapsed time spent in this place.
 B = Non-inter-level travel time spent in this place.
 C = Inter-level travel time spent in this place.
 D = Time resting spent in this place.
 E = Time spent auto-exploring this place.
 F = Levels seen in this place.
 G = Mean time per level.
                   A        B        C        D        E       F      G
               +--------+--------+--------+--------+--------+-----+--------+
         Total |   3657 |   3362 |    295 |      0 |   2801 |   4 |  914.2 |
       Dungeon |   3657 |   3362 |    295 |      0 |   2801 |   4 |  914.2 |
               +--------+--------+--------+--------+--------+-----+--------+

Top non-repeatable levels by time:
     D:1: 1263 daAuts
     D:2: 1247 daAuts
     D:3: 608 daAuts
     D:4: 538 daAuts
